 Seeded DCSS version 0.28-a0-724-g66f9036 (webtiles) character file.

Game seed: 7239101229011034337 (custom seed)

252 Illumine the Skirmisher (level 6, -1/47 HPs)
             Began as a Djinni Fighter on Oct 25, 2021.
             Slain by a sky beast (5 damage)
             ... on level 4 of the Dungeon on Oct 26, 2021.
             The game lasted 00:06:00 (3327 turns).

Illumine the Skirmisher (Djinni Fighter)            Turns: 3327, Time: 00:06:00

Health: -1/47      AC:  8    Str: 17    XL:     6   Next: 36%
Gold:   99         EV:  9    Int:  9    God:
                   SH:  5    Dex: 13

rFire   + + .      SeeInvis .   k - +5 short sword (venom)
rCold   x . .      Faith    .   c - +0 buckler
rNeg    . . .      Spirit   .   b - +0 scale mail
rPois   ∞          Reflect  .   m - +0 helmet
rElec   .          Harm     .   (no cloak)
rCorr   .          Rampage  .   (no gloves)
Will    .....                   (boots unavailable)
Stlth   ..........              (no amulet)
HPRegen 0.15/turn               (no ring)
MPRegen 0.00/turn               (no ring)

@: mighty, flying
A: sickness immunity, fire resistance 2, cold vulnerability 1, float, innate
caster, hp casting, extra vitality 1
a: no special abilities


You were on level 4 of the Dungeon.
You visited 1 branch of the dungeon, and saw 4 of its levels.

You collected 99 gold pieces.

Inventory:

Hand Weapons
 a - a +0 long sword
 k - a +5 short sword of venom (weapon)
Missiles
 j - 20 poisoned darts (quivered)
Armour
 b - a +0 scale mail (worn)
 c - a +0 buckler (worn)
 m - a +0 helmet (worn)
 o - a +0 plate armour
Scrolls
 e - a scroll of identify {unknown}
 f - 2 scrolls of fog {unknown}
 g - a scroll of enchant weapon {unknown}
 l - a scroll of noise {unknown}
Potions
 d - a potion of might
 h - a potion of flight {unknown}
 i - 2 potions of curing {unknown}
 n - a potion of brilliance {unknown}
 p - a potion of resistance {unknown}


   Skills:
 + Level 4.3 Fighting
 + Level 2.2(2.8) Short Blades
 - Level 2.4(2.9) Long Blades
 + Level 3.6 Armour
 + Level 4.2 Shields


You had 2 spell levels left.
You knew the following spells:

 Your Spells              Type           Power      Damage    Failure   Level
a - Sting                 Tmut/Pois      0%         1d3       78%         1
b - Searing Ray           Conj           0%         2d4       89%         2
Your spell library was empty.

Dungeon Overview and Level Annotations

Branches:
Dungeon (4/15)
 Temple: D:4-7

Altars:

Annotations:
D:4 Edmund


Innate Abilities, Weirdness & Mutations

You are immune to sickness and miasma.
You are immune to poison.
Your flesh is very heat resistant. (rF++)
You are vulnerable to cold. (rC-)
You float through the air rather than walking.
You learn spells naturally, not from books.
Your magical power is your life essence.
You have superior vitality. (+4 HP)


Message History

The howler monkey hits you but does no damage.
The ball python barely misses you. The ball python constricts you.
You puncture the ball python!
You kill the ball python!
Something hits you. Something shocks you. The howler monkey hits you.
You puncture the ball python!
You kill the ball python!
The howler monkey hoots and howls with incredible vigour!
Something hits you but does no damage.
You hit something but do no damage. The howler monkey hits you.
A sky beast appears from thin air!
Reactivating autopickup.
The sky beast hits you but does no damage.
The howler monkey hits you but does no damage.
You hit Edmund but do no damage.
Edmund is poisoned.
Edmund hits you with a +1 dire flail of protection!
The sky beast hits you but does no damage.
The howler monkey closely misses you.
Your scale mail prevents you from hitting Edmund.
Edmund hits you with a +1 dire flail of protection.
The sky beast hits you but does no damage.
The howler monkey hits you.
You closely miss the sky beast.
The sky beast is severely wounded.
Edmund hits you with a +1 dire flail of protection.
* * * LOW HITPOINT WARNING * * *
You block the howler monkey's attack.
The sky beast hits you but does no damage.
Unknown command.
Okay, then.
Unknown command.
You feel very mighty all of a sudden. The howler monkey hits you.
* * * LOW HITPOINT WARNING * * *
Edmund hits you with a +1 dire flail of protection.
* * * LOW HITPOINT WARNING * * *
The sky beast hits you.
* * * LOW HITPOINT WARNING * * *
The sky beast shocks you.
You die...

###############
...............
.............##
....>..........
..............#
.........#
.......hY#
.......@@#
......####
...(.. ......
..... ###.S


You could see Edmund (very poisoned), a sky beast (very poisoned) and a howler
monkey (poisoned).

Vanquished Creatures
  A phantom (D:4)
  An orc priest (D:4)
  An orc wizard (D:4)
  Robin (D:3)
  5 adders
  A worm (D:2)
  A dart slug (D:3)
  2 orcs (D:4)
  5 ball pythons
  6 endoplasms
  2 giant cockroaches
  11 goblins
  4 hobgoblins
  3 kobolds (D:2)
  2 quokkas
  6 bats
  4 frilled lizards
  3 rats (D:1)
59 creatures vanquished.

Notes
Turn   | Place    | Note
-------+----------+-------------------------------------------
     0 | D:1      | Illumine the Djinni Fighter began the quest for the Orb.
     0 | D:1      | Reached XP level 1. HP: 20/20 MP: 0/0
   532 | D:1      | Reached XP level 2. HP: 19/25 MP: 0/0
  1077 | D:1      | Upgraded the game from 0.28-a0-723-g095bd1b to
                  | 0.28-a0-724-g66f9036
  1916 | D:2      | Reached XP level 3. HP: 30/30 MP: 0/0
  1916 | D:2      | Learned a level 1 spell: Sting
  2564 | D:3      | Reached XP level 4. HP: 34/35 MP: 0/0
  2577 | D:3      | Reached skill level 1 in Short Blades
  2648 | D:3      | Noticed Robin
  2665 | D:3      | Killed Robin
  3064 | D:3      | Noticed a phantom
  3096 | D:4      | Killed a phantom
  3097 | D:4      | Reached XP level 5. HP: 35/41 MP: 0/0
  3097 | D:4      | Learned a level 2 spell: Searing Ray
  3204 | D:4      | Reached XP level 6. HP: 46/47 MP: 0/0
  3311 | D:4      | Noticed a sky beast
  3317 | D:4      | Noticed Edmund
  3327 | D:4      | Slain by a sky beast

Illustrated notes

Levels and vault maps discovered:
D:1:      mrwooster_arrival_statue_2, layout_basic, serial_co_window_serial,
          co_window_paths_a, co_window_corner_a, co_window_paths_b,
          co_window_of_opportunity_a, co_window_corner_a,
          co_window_of_opportunity_a, co_window_corner_a, co_window_paths_b,
          co_window_paths_a, co_window_broadway_c, co_window_paths_c,
          co_window_corner_cb, co_window_corner_b, co_window_cross_4,
          glass_columns_b
D:2:      mumra_celtic_spiral_tile, layout_basic
D:3:      layout_rooms, uniq_robin
D:4:      layout_basic, minmay_temple_entry_crystal_x, uniq_edmund

Skill      XL: |  1  2  3  4  5 |
---------------+----------------+-----
Long Blades    | 2 |  2.4
Short Blades   | 1 2 |  2.2
Fighting       | 4 |  4.3
Shields        | 4 |  4.2
Armour         | |  3.6

Action                   |  1- 3 |  4- 6 || total
-------------------------+-------+-------++-------
Melee: Long sword        |    70 |       ||    70
       Short sword       |    21 |    90 ||   111
Throw: Dart              |     4 |       ||     4
  Use: Potion            |       |     1 ||     1
Armor: Scale mail        |    65 |    43 ||   108
Dodge: Dodged            |    33 |    25 ||    58
Block: Buckler           |    18 |    16 ||    34

Table legend: (Time is in decaauts)
 A = Elapsed time spent in this place.
 B = Non-inter-level travel time spent in this place.
 C = Inter-level travel time spent in this place.
 D = Time resting spent in this place.
 E = Time spent auto-exploring this place.
 F = Levels seen in this place.
 G = Mean time per level.
                   A        B        C        D        E       F      G
               +--------+--------+--------+--------+--------+-----+--------+
         Total |   3347 |   3249 |     98 |    327 |   2397 |   4 |  836.8 |
       Dungeon |   3347 |   3249 |     98 |    327 |   2397 |   4 |  836.8 |
               +--------+--------+--------+--------+--------+-----+--------+

Top non-repeatable levels by time:
     D:1: 1581 daAuts
     D:2: 998 daAuts
     D:3: 524 daAuts
     D:4: 244 daAuts
